 Dungeon Crawl Stone Soup version 0.31-a0-851-g7ff8af7976 (webtiles) character file.

Game seed: 12518142442860270645

3524 Flugkiller the Grappler (level 10, 0/58 HPs)
             Began as an Octopode Shapeshifter on Oct 6, 2023.
             Was a Believer of Wu Jian.
             Slain by a two-headed ogre
             ... wielding a +0 glaive
              (17 damage)
             ... in a bailey.
             The game lasted 00:06:27 (7151 turns).

Flugkiller the Grappler (Octopode Shapeshifter)     Turns: 7151, Time: 00:06:27

Health: 0/58       AC:  1    Str: 16    XL:     10   Next: 8%
Magic:  10/10      EV: 13    Int: 12    God:    Wu Jian [**....]
Gold:   247        SH:  0    Dex: 14    Spells: 9/9 levels left

rFire   . .          .
                       - Unarmed
rCold   . . .        (no shield)
rNeg    . . .        (helmet currently unavailable)
rPois   .            (no amulet)
rElec   .            (no ring)
rCorr   .            (no ring)
SInv    .            (no ring)
Will    .....        (no ring)
Stlth   ++           (no ring)
HPRegen 0.29/turn    (no ring)
MPRegen 0.12/turn    (no ring)
                     (no ring)

%: no passive effects
@: beast-form
A: beast (slay +1), almost no armour, amphibious, 8 rings, camouflage 1,
gelatinous body 1, (nimble swimmer 1), tentacles
a: Begin Untransformation, Renounce Religion, Wall Jump


You were in a bailey.
You worshipped Wu Jian.
Wu Jian was pleased with you.
You were a hulking beast.
You visited 2 branches of the dungeon, and saw 9 of its levels.
You also visited: Bailey.

You collected 377 gold pieces.
You spent 130 gold pieces at shops.

Inventory:

Missiles
 n - 2 throwing nets
 o - a curare-tipped dart
Talismans
 b - a beast talisman (active)
 c - a flux talisman
Wands
 e - a wand of charming (6)
   (You took it off an orc wizard on level 6 of the Dungeon)
Scrolls
 f - 4 scrolls of immolation
 h - a scroll of vulnerability {unknown}
 p - 3 scrolls of poison
 s - a scroll of fog
 t - 3 scrolls of teleportation
 z - a scroll of blinking
Potions
 a - 2 potions of lignification
 d - a potion of ambrosia {unknown}
 g - 2 potions of brilliance
 i - a potion of cancellation
 j - a potion of attraction {unknown}
 k - a potion of berserk rage
 l - a potion of resistance {unknown}
 m - a potion of enlightenment {unknown}
 q - 4 potions of curing
 u - a potion of degeneration {unknown}
 w - 2 potions of heal wounds


   Skills:
 - Level 1.0 Fighting
 - Level 2.0 Dodging
 + Level 14.2 Unarmed Combat
 - Level 3.0 Shapeshifting


You had 9 spell levels left.
You didn't know any spells.
Your spell library contained the following spells:

 Spells                   Type           Power      Damage    Failure   Level
 Apportation              Tloc           0%         N/A       32%         1
 Freeze                   Ice            0%         1d3       32%         1
 Kiss of Death            Conj/Necr      0%         2d5       32%         1
 Lesser Beckoning         Tloc           0%         N/A       45%         2
 Confusing Touch          Hex            0%         N/A       69%         3
 Frozen Ramparts          Ice            0%         1d1       69%         3
 Hailstorm                Conj/Ice       0%         3d3       69%         3
 Dimensional Bullseye     Hex/Tloc       0%         N/A       97%         4
 Dispel Undead            Necr           0%         3d6       97%         4
 Summon Ice Beast         Ice/Summ       0%         N/A       97%         4
 Vhi's Electric Charge    Tloc/Air       0%         N/A       97%         4
 Summon Mana Viper        Hex/Summ       0%         N/A       100%        5
 Monstrous Menagerie      Summ           0%         N/A       100%        7


Dungeon Overview and Level Annotations

Branches:
Dungeon (8/15) Zot: 26882  Temple (1/1) D:4 Zot: 5967  Bailey (1/1) Zot: 5662
   Lair: D:8-11

Altars:
Ashenzari
Cheibriados
Dithmenos
Elyvilon
Fedhas
Gozag
Hepliaklqana
Kikubaaqudgha
Makhleb
Nemelex Xobeh
Okawaru
Qazlal
Ru
Trog
Uskayaw
Vehumet
Wu Jian
Xom
Yredelemnul
Zin
The Shining One

Shops:
D:6 ?

Annotations:
D:4 exclusion: door


Innate Abilities, Weirdness & Mutations

You are a hulking beast.
Your limbs bulge with bestial killing power. (Slay +1)
You cannot wear most types of armour.
You are amphibious.
You can wear up to eight rings at the same time.
Your skin changes colour to match your surroundings (Stealth+).
Your rubbery body absorbs attacks. (AC +1, EV +1)
((You are camouflaged when in or above water. (Stealth+)))
You have tentacles for arms and can constrict up to eight enemies at once.


Message History

You miss the spriggan. Your grab misses the spriggan.
Your squeeze misses the spriggan.
The spriggan is severely wounded.
The spriggan hits you with a +0 trident!
You closely miss the spriggan. Your grab misses the spriggan.
The spriggan is severely wounded.
The spriggan hits you with a +0 trident.
You completely miss the spriggan. Your grab misses the spriggan.
You squeeze the spriggan.
The spriggan is almost dead.
You miss the spriggan. You grab the spriggan.
The spriggan is almost dead.
You constrict the spriggan.
The spriggan hits you with a +0 trident!
You tentacle-slap the spriggan.
You kill the spriggan!
The Council accepts your kill.
You start resting.
HP restored.
The spriggan shouts!
You hear a shout!
You hear an angry hiss.
You enter the shallow water.
The spriggan barely misses you.
You enter the shallow water.
You lunge at the spriggan.
You bludgeon the spriggan! Your grab misses the spriggan.
The spriggan is severely wounded.
The spriggan hits you from afar with a +0 spear!
The spriggan barely misses you.
You bludgeon the spriggan!
You kill the spriggan!
The Council accepts your kill.
You hear a splash.
The spriggan hits you from afar with a +0 spear!
The spriggan hits you from afar with a +0 spear!
You lunge at the spriggan, in a flurry of attacks.
You closely miss the spriggan. Your grab misses the spriggan.
You tentacle-slap the spriggan. Your grab misses the spriggan.
Your squeeze misses the spriggan.
The spriggan is lightly wounded.
The spriggan barely misses you.
You batter the spriggan!!
You kill the spriggan!
The Council accepts your kill.
You hear a splash.
Your Unarmed Combat skill increases to level 14!
You have reached level 10!
You feel agile.
You start resting.
HP restored.
You enter the shallow water.
Things that are here:
a +0 spear; a spriggan corpse
Things that are here:
a +0 spear; a spriggan corpse A steam dragon comes into view.
You see here a +0 trident.
You see here a +0 trident.
You enter the shallow water.
Things that are here:
a +0 spear; a spriggan corpse You enter the shallow water.
You enter the shallow water.
The steam dragon hisses angrily.
You enter the shallow water.
You lunge at the steam dragon, in a flurry of attacks.
You batter the steam dragon!!
The steam dragon is severely wounded.
You barely miss the steam dragon.
The steam dragon is severely wounded.
The steam dragon closely misses you. The steam dragon misses you.
You barely miss the steam dragon. You tentacle-slap the steam dragon.
Your squeeze misses the steam dragon.
The steam dragon is almost dead.
You tentacle-slap the steam dragon.
You kill the steam dragon!
The Council accepts your kill.
You hear a splash.
The steam dragon scales are intact enough to wear.
No target in view!
Items here: ) [ ††.
Things that are here:
a +0 spear; a spriggan corpse You see here a +0 trident.
A two-headed ogre comes into view.
It is wielding a +0 glaive and a +0 halberd.
A two-headed ogre is nearby!
The two-headed ogre attacks as it pursues you!
The two-headed ogre closely misses you.
The two-headed ogre hits you from afar with a +0 halberd!
You lunge at the two-headed ogre.
You tentacle-slap the two-headed ogre but do no damage.
The two-headed ogre hits you with a +0 glaive!!
The two-headed ogre barely misses you.
You completely miss the two-headed ogre.
You tentacle-slap the two-headed ogre!
The two-headed ogre is moderately wounded.
You tentacle-slap the two-headed ogre but do no damage.
The two-headed ogre is moderately wounded.
The two-headed ogre hits you with a +0 glaive!
* * * LOW HITPOINT WARNING * * *
The two-headed ogre hits you with a +0 halberd!
You die...

.....# ##.)##.......#♣..##
.....###..##..♣#♣♣♣..#...#
..∩..~~~..# ♣♣.#...#
.....~~~..# ♣.♣[..#
.....~~~..# ♣.)~..#
.....~~~..#. ♣.#~..#
..∩..~~~..#.. ♣♣)#...#
.....###..#♣..♣♣♣#♣..#...#
.....# ##..#♣..Oh...##..##
#...## ##..#♣.....#♣..##
##.## ##..#♣#####..## ###
##.........## ##.......##
#########


You could see a two-headed ogre.

Vanquished Creatures
  Maggie (D:6)
  3 spriggans (Bailey)
  2 steam dragons
  Duvessa (D:5)
  An ice beast (D:5)
  A black bear (D:6)
  4 ogres
  2 phantoms
  A kobold brigand (D:7)
  3 bullfrogs
  4 scorpions
  5 wights (D:7)
  Dowan (D:5)
  2 howler monkeys (D:6)
  4 jellies
  An orc priest (D:4)
  A sleepcap (D:4)
  2 gnoll boudas
  4 hounds
  Jessica (D:3)
  Natasha (D:3)
  3 iguanas
  An orc wizard (D:6)
  Robin (D:3)
  12 gnolls
  10 adders
  A shadow imp (D:6)
  3 white imps
  3 ufetubi
  A worm (D:3)
  3 dart slugs
  19 orcs
  10 ball pythons
  6 endoplasms
  3 giant cockroaches
  15 goblins
  12 hobgoblins
  17 kobolds
  4 quokkas
  8 bats
  A frilled lizard (D:2)
  4 rats (D:2)
182 creatures vanquished.

Notes
Turn   | Place    | Note
-------+----------+-------------------------------------------
     0 | D:1      | Flugkiller the Octopode Shapeshifter began the quest for
                  | the Orb.
     0 | D:1      | Reached XP level 1. HP: 13/13 MP: 1/1
    85 | D:1      | Reached XP level 2. HP: 18/18 MP: 2/2
    89 | D:1      | Got a resplendent book
   673 | D:2      | Reached skill level 4 in Unarmed Combat
   683 | D:2      | Reached XP level 3. HP: 12/23 MP: 3/3
   871 | D:2      | Reached XP level 4. HP: 28/28 MP: 4/4
  1079 | D:2      | Reached skill level 5 in Unarmed Combat
  1290 | D:3      | Found a snail-covered altar of Cheibriados.
  1318 | D:3      | Noticed a scorpion
  1327 | D:3      | Killed a scorpion
  1328 | D:3      | Reached XP level 5. HP: 25/33 MP: 5/5
  1475 | D:3      | Reached skill level 6 in Unarmed Combat
  1560 | D:3      | Noticed Natasha
  1571 | D:3      | Killed Natasha
  1711 | D:3      | Noticed Jessica
  1715 | D:3      | Killed Jessica
  1737 | D:3      | Reached XP level 6. HP: 38/38 MP: 6/6
  1797 | D:3      | Noticed Robin
  1816 | D:3      | Killed Robin
  2228 | D:4      | Reached skill level 7 in Unarmed Combat
  3037 | D:4      | Reached XP level 7. HP: 36/43 MP: 7/7
  3177 | D:4      | Found a staircase to the Ecumenical Temple.
  3189 | Temple   | Found a transporter.
  3189 | Temple   | Found a transporter.
  3189 | Temple   | Found a transporter.
  3189 | Temple   | Found a transporter.
  3189 | Temple   | Entered the Ecumenical Temple
  3205 | Temple   | Became a worshipper of the Wu Jian Council
  3237 | D:4      | Found a sparkling altar of Nemelex Xobeh.
  3238 | D:4      | Found an opulent altar of Gozag.
  3319 | D:4      | Found a glowing silver altar of Zin.
  3319 | D:4      | Found a sacrificial altar of Ru.
  3381 | D:5      | Entered Level 5 of the Dungeon
  3420 | D:5      | Reached skill level 8 in Unarmed Combat
  3655 | D:5      | You fall into a shaft and drop 2 floors!
  3766 | D:5      | Reached skill level 9 in Unarmed Combat
  3770 | D:5      | Reached XP level 8. HP: 21/48 MP: 8/8
  3897 | D:5      | Noticed Duvessa
  3971 | D:5      | Reached skill level 10 in Unarmed Combat
  4029 | D:5      | Noticed Dowan
  4053 | D:5      | Killed Duvessa
  4059 | D:5      | Killed Dowan
  4558 | D:6      | Noticed Maggie
  4694 | D:6      | Reached * piety under Wu Jian
  4945 | D:6      | Killed Maggie
  4946 | D:6      | Reached skill level 11 in Unarmed Combat
  4965 | D:6      | Reached XP level 9. HP: 41/53 MP: 9/9
  5185 | D:6      | Found a basalt altar of Yredelemnul.
  5185 | D:6      | Found an iron altar of Okawaru.
  5186 | D:6      | Found a stormy altar of Qazlal.
  5234 | D:6      | Found Yxkerim's Magic Scroll Emporium.
  5242 | D:6      | Bought 2 scrolls of identify for 52 gold pieces
  5242 | D:6      | Bought a scroll of identify for 26 gold pieces
  5242 | D:6      | Bought a scroll of identify for 26 gold pieces
  5242 | D:6      | Bought a scroll of identify for 26 gold pieces
  5275 | D:6      | Reached skill level 12 in Unarmed Combat
  5929 | D:7      | Reached ** piety under Wu Jian
  6579 | D:7      | Reached skill level 13 in Unarmed Combat
  6802 | D:8      | Found a flagged portal.
  6811 | Bailey   | Entered a bailey
  6970 | Bailey   | Reached skill level 14 in Unarmed Combat
  6970 | Bailey   | Reached XP level 10. HP: 28/58 MP: 10/10
  7145 | Bailey   | Noticed a two-headed ogre
  7151 | Bailey   | Slain by a two-headed ogre

Illustrated notes

Levels and vault maps discovered:
D:1:      tarquinn_simple_flora_water_f, layout_loops_ring
D:2:      layout_rooms, minmay_vboxes
D:3:      layout_basic, mainiacjoe_overflow_24_doors, minmay_misc_feat_plants,
          kennysheep_jessica_study, uniq_robin, uniq_natasha
D:4:      cheibrodos_fertilizer, layout_loops_ring,
          grunt_temple_overflow_opulence, gammafunk_temple_overflow_statue,
          minmay_temple_entry_proselytizer
D:5:      layout_basic, uniq_duvessa
D:6:      layout_basic, gammafunk_temple_overflow_claw, serial_shops,
          nicolae_shop_window_shopping, uniq_maggie
D:7:      layout_layer_cave
D:8:      layout_cave_pools, led_sif_book, enter_bailey_8, uniq_maurice,
          uniq_grum, uniq_erica
Temple:   hellmonk_temple_divided_pantheon
Bailey:   bailey_polearm_enchanted_keep_hellmonk, bailey

Skill      XL: |  1  2  3  4  5  6  7  8  9 |
---------------+----------------------------+-----
Unarmed Combat | 4 5 6 7 9 11 14 | 14.2
Fighting       | |  1.0
Dodging        | |  2.0
Shapeshifting  | |  3.0

Action                     |  1- 3 |  4- 6 |  7- 9 | 10-12 || total
---------------------------+-------+-------+-------+-------++-------
  Melee: Unarmed           |    60 |   122 |   223 |     7 ||   412
         Tentacles         |    12 |    15 |    50 |       ||    77
         Constrict         |    13 |    36 |    46 |       ||    95
         Punch             |     1 |     5 |    11 |     2 ||    19
Ability: Lunge             |       |       |    34 |     2 ||    36
         Whirlwind         |       |       |     1 |       ||     1
    Use: Scroll            |       |       |    15 |       ||    15
         Potion            |       |       |     5 |       ||     5
   Stab: Sleeping          |     5 |     6 |     7 |       ||    18
         Distracted        |       |       |     2 |       ||     2
 Armour: Skin              |    18 |    51 |    86 |     4 ||   159
  Dodge: Dodged            |    42 |    48 |   126 |     4 ||   220

Table legend: (Time is in decaauts)
 A = Elapsed time spent in this place.
 B = Non-inter-level travel time spent in this place.
 C = Inter-level travel time spent in this place.
 D = Time resting spent in this place.
 E = Time spent auto-exploring this place.
 F = Levels seen in this place.
 G = Mean time per level.
                   A        B        C        D        E       F      G
               +--------+--------+--------+--------+--------+-----+--------+
         Total |   7115 |   6855 |    260 |   1865 |   3663 |  10 |  711.5 |
       Dungeon |   6746 |   6486 |    260 |   1658 |   3615 |   8 |  843.2 |
        Temple |     32 |     32 |      0 |      0 |      0 |   1 |   32.0 |
        Bailey |    337 |    337 |      0 |    207 |     48 |   1 |  337.0 |
               +--------+--------+--------+--------+--------+-----+--------+

Top non-repeatable levels by time:
     D:5: 1294 daAuts
     D:7: 1164 daAuts
     D:4: 1156 daAuts
     D:3: 910 daAuts
     D:6: 867 daAuts
     D:1: 663 daAuts
     D:2: 606 daAuts
  Bailey: 337 daAuts
     D:8: 82 daAuts
  Temple: 32 daAuts
